 Dungeon Crawl Stone Soup version 0.30-a0-358-g0d69a1922f (webtiles) character file.

Game seed: 16737559386769147780

161 Devinter the Sneak (level 5, 0/28 HPs)
             Began as a Kobold Enchanter on Nov 11, 2022.
             Frozen to death by an endoplasm (4 damage)
             ... on level 2 of the Dungeon.
             The game lasted 00:09:07 (1778 turns).

Devinter the Sneak (Kobold Enchanter)               Turns: 1778, Time: 00:09:07

Health: 0/28       AC:  2    Str:  3 (5)  XL:     5   Next: 70%
Magic:  6/10       EV: 15    Int: 16      God:
Gold:   87         SH:  0    Dex: 15 (18) Spells: 2/10 levels left

rFire   . . .      SeeInvis .    a - +1 dagger
rCold   . . .      Faith    .    (no shield)
rNeg    . . .      Spirit   .    b - +0 robe
rPois   .          Reflect  .    (no helmet)
rElec   .          Harm     .    (no cloak)
rCorr   .          Rampage  .    (no gloves)
Will    .....                    (no boots)
Stlth   ++++......               (no amulet)
HPRegen 0.24/turn                (no ring)
MPRegen 0.12/turn                (no ring)

@: no status effects
A: small, no large weapons, nightstalker 3
a: no special abilities


You were on level 2 of the Dungeon.
You visited 1 branch of the dungeon, and saw 2 of its levels.

You collected 87 gold pieces.

Inventory:

Hand Weapons
 a - a +1 dagger (weapon)
Missiles
 e - 5 boomerangs (quivered)
 m - 4 datura-tipped darts
Armour
 b - a +0 robe (worn)
Jewellery
 i - a ring of wizardry
 k - a ring of poison resistance
Scrolls
 d - 4 scrolls of identify
 g - a scroll of magic mapping {unknown}
 o - a scroll of vulnerability {unknown}
Potions
 c - 2 potions of invisibility
 h - a potion of haste
 n - a potion of curing


   Skills:
 + Level 2.8 Short Blades
 - Level 3.0 Dodging
 - Level 4.0 Stealth
 + Level 3.4 Spellcasting
 + Level 4.0 Hexes
 - Level 2.0 Ice Magic


You had 2 spell levels left.
You knew the following spells:

 Your Spells              Type           Power      Damage    Failure   Level
a - Ensorcelled Hibernat  Hex/Ice        24%        N/A       8%          2
b - Confusing Touch       Hex            15%        N/A       10%         3
c - Tukima's Dance        Hex            15%        N/A       10%         3

Your spell library contained the following spells:

 Spells                   Type           Power      Damage    Failure   Level
 Dazzling Flash           Conj/Hex       18%        N/A       24%         3


Dungeon Overview and Level Annotations

Branches:
Dungeon (2/15)

Altars:


Innate Abilities, Weirdness & Mutations

You are small and have problems with some larger weapons.
You are completely attuned to the shadows.


Message History

The endoplasm hits the fungus.
You hit the endoplasm but do no damage.
The endoplasm is lightly wounded.
The endoplasm barely misses you. The endoplasm hits you.
The endoplasm hits the fungus. x3; The fungus begins to die.
The endoplasm jiggles.
The endoplasm hits the fungus.
You hit the endoplasm but do no damage.
The endoplasm is lightly wounded.
A nearby fungus withers and dies. x2; The endoplasm barely misses you.
The endoplasm freezes you.
You are frozen.
The endoplasm hits the fungus. x3
You hit the endoplasm.
The endoplasm is severely wounded.
You hit the endoplasm.
You kill the endoplasm!
The endoplasm hits you.
The endoplasm hits the fungus. x2
The endoplasm closely misses you.
You hit the endoplasm but do no damage.
A nearby fungus withers and dies.
The endoplasm freezes you.
You are frozen.
* * * LOW HITPOINT WARNING * * *
The endoplasm hits the fungus. x2
The endoplasm freezes you.
You are frozen.
* * * LOW HITPOINT WARNING * * *
As you read the scroll labelled DOOCKE KIAMOBA, it crumbles to dust.
It is a scroll of identify.
n - a potion of curing The endoplasm closely misses you.
The endoplasm hits the fungus. x2
The endoplasm barely misses you.
As you read the scroll labelled BUBY CIHAKOU, it crumbles to dust.
You hear a loud clanging noise!
It was a scroll of noise.
A nearby fungus withers and dies.
The endoplasm freezes you.
You are frozen.
* * * LOW HITPOINT WARNING * * *
The endoplasm freezes you.
You are frozen.
You die...

...........#
#J..÷..##########
############
#.÷÷PPP'##......###
#÷.....#)#.......##
#PPP..P#.#........)
######
#÷....÷#.#........'
.....#
#..÷..P#.#'#......'
.....#
#JJ....#.#.#.....##
.....#
#J.J.P.#.#.#....###
.....#
#$@J...##.#######
.....# ###########
.....# ...[.#
.....#### ........#
###.....# #....[#
#.....#


You could see 5 endoplasms.

Vanquished Creatures
  2 jellies (D:2)
  3 adders (D:2)
  2 worms (D:2)
  4 ball pythons (D:1)
  4 bats
  8 endoplasms
  3 giant cockroaches
  5 goblins
  3 hobgoblins
  3 jackals (D:1)
  4 quokkas
  4 frilled lizards
  12 kobolds
  6 rats
63 creatures vanquished.

Vanquished Creatures (others)
  5 fungi (D:2)
  2 toadstools (D:2)
7 creatures vanquished.

Grand Total: 70 creatures vanquished

Notes
Turn   | Place    | Note
-------+----------+-------------------------------------------
     0 | D:1      | Devinter the Kobold Enchanter began the quest for the Orb.
     0 | D:1      | Reached XP level 1. HP: 10/10 MP: 3/3
   141 | D:1      | Reached XP level 2. HP: 15/15 MP: 5/5
   286 | D:1      | Reached skill level 2 in Short Blades
   338 | D:1      | Reached XP level 3. HP: 14/19 MP: 6/6
   554 | D:1      | Reached skill level 1 in Ice Magic
   592 | D:1      | Learned a level 2 spell: Ensorcelled Hibernation
   602 | D:1      | Reached skill level 3 in Dodging
  1136 | D:2      | Reached XP level 4. HP: 24/24 MP: 8/8
  1478 | D:2      | Reached skill level 3 in Spellcasting
  1581 | D:2      | Learned a level 3 spell: Confusing Touch
  1585 | D:2      | Learned a level 3 spell: Tukima's Dance
  1718 | D:2      | HP: 2/24 [kobold/+0 dagger (2)]
  1757 | D:2      | Reached skill level 2 in Ice Magic
  1757 | D:2      | Reached XP level 5. HP: 28/28 MP: 4/9
  1759 | D:2      | Reached skill level 4 in Hexes
  1778 | D:2      | Frozen to death by an endoplasm

Illustrated notes

Levels and vault maps discovered:
D:1:      shiori_arrival_maze, layout_basic
D:2:      cheibrodos_fertilizer, layout_basic, grunt_ministairs_15,
          minmay_misc_feat_pillars

Skill      XL: |  1  2  3  4  5 |
---------------+----------------+-----
Short Blades   | 2 |  2.8
Ice Magic      | 1 2 |  2.0
Dodging        | 3 |  3.0
Spellcasting   | 3 |  3.4
Hexes          | 4 |  4.0
Stealth        | |  4.0

Action                   |  1- 3 |  4- 6 || total
-------------------------+-------+-------++-------
Melee: Dagger            |    80 |    71 ||   151
 Cast: Ensorcelled Hiber |       |     6 ||     6
  Use: Potion            |       |     3 ||     3
       Scroll            |       |     2 ||     2
 Stab: Sleeping          |    19 |    19 ||    38
Armor: Robe              |    14 |     2 ||    16
Dodge: Dodged            |    60 |    43 ||   103

Table legend: (Time is in decaauts)
 A = Elapsed time spent in this place.
 B = Non-inter-level travel time spent in this place.
 C = Inter-level travel time spent in this place.
 D = Time resting spent in this place.
 E = Time spent auto-exploring this place.
 F = Levels seen in this place.
 G = Mean time per level.
                   A        B        C        D        E       F      G
               +--------+--------+--------+--------+--------+-----+--------+
         Total |   1746 |   1718 |     28 |    137 |    382 |   2 |  873.0 |
       Dungeon |   1746 |   1718 |     28 |    137 |    382 |   2 |  873.0 |
               +--------+--------+--------+--------+--------+-----+--------+

Top non-repeatable levels by time:
     D:1: 1076 daAuts
     D:2: 669 daAuts
